 Dungeon Crawl Stone Soup version 0.28-a0-691-gad6df49e81 (webtiles) character file.

Game seed: 15281327272709033691

4154 bande the Cleaver (level 10, 0/61 HPs)
             Began as a Gargoyle Fighter on Oct 22, 2021.
             Was a Follower of Okawaru.
             Slain by Harold (13 damage)
             ... on level 9 of the Dungeon.
             The game lasted 00:17:14 (12132 turns).

bande the Cleaver (Gargoyle Fighter)               Turns: 12132, Time: 00:17:15

Health: 0/61       AC: 20    Str: 22    XL:     10   Next: 28%
Magic:  12/12      EV:  6    Int:  8    God:    Okawaru [*.....]
Gold:   297        SH:  5    Dex: 11    Spells: 9/9 levels left

rFire   . . .      SeeInvis .   a - +1 war axe
rCold   + + .      Faith    .   c - +0 buckler
rNeg    + . .      Spirit   .   D - +0 plate armour
rPois   ∞          Reflect  .   g - +1 helmet
rElec   +          Harm     .   m - +0 cloak
rCorr   .          Rampage  .   t - +0 pair of gloves
Will    .....                   (no boots)
Stlth   ..........              (no amulet)
HPRegen 0.20/turn               p - ring of protection from cold
MPRegen 0.13/turn               (no ring)

@: no status effects
A: sickness immunity, AC +7, negative energy resistance 1, electricity
resistance, torment resistance 1, petrification resistance, cold resistance 1,
deformed body, MP-powered wands
a: Renounce Religion, Heroism


You were on level 9 of the Dungeon.
You worshipped Okawaru.
Okawaru was aware of your devotion.
You visited 2 branches of the dungeon, and saw 10 of its levels.

You collected 425 gold pieces.
You spent 128 gold pieces at shops.

Inventory:

Hand Weapons
 a - a +1 war axe (weapon)
 r - a +0 flail
 u - a +0 mace of draining
 B - a +0 war axe
Missiles
 n - 2 boomerangs of dispersal (quivered)
 v - 2 throwing nets
Armour
 c - a +0 buckler (worn)
 g - a +1 helmet (worn)
 m - a +0 cloak (worn)
 t - a +0 pair of gloves (worn)
 D - a +0 plate armour (worn)
Jewellery
 p - a ring of protection from cold (left hand)
Wands
 f - a wand of flame (13)
 q - a wand of charming (7)
 y - a wand of iceblast (8)
 C - a wand of polymorph (3)
Scrolls
 e - 6 scrolls of teleportation
 o - a scroll of fear
 s - 2 scrolls of amnesia
 w - a scroll of enchant weapon
 x - a scroll of magic mapping
Potions
 b - a potion of flight
 d - 3 potions of might
 h - 3 potions of magic
 i - a potion of invisibility
 j - a potion of haste
 k - 3 potions of curing
 l - a potion of ambrosia


   Skills:
 + Level 6.5 Fighting
 + Level 9.0 Axes
 + Level 7.0 Armour
 + Level 6.0 Shields
 * Level 2.8 Invocations
 * Level 5.1 Evocations


You had 9 spell levels left.
You didn't know any spells.
Your spell library contained the following spells:

 Spells                   Type           Power      Damage    Failure   Level
 Inner Flame              Hex/Fire       0%         N/A       100%        3
 Cause Fear               Hex            0%         N/A       100%        4
 Discord                  Hex            0%         N/A       100%        8


Dungeon Overview and Level Annotations

Branches:
Dungeon (9/15)             Temple (1/1) D:7
   Lair: D:8-11         Orc: D:9-12

Altars:
Ashenzari
Cheibriados
Dithmenos
Fedhas
Kikubaaqudgha
Makhleb
Okawaru
Qazlal
Sif Muna
Trog
Vehumet
Zin

Shops:
D:6 *   D:7 **[*   D:9 !

Annotations:
D:9 Harold


Innate Abilities, Weirdness & Mutations

You are immune to sickness and miasma.
Your stone body is resilient. (AC +7)
You are immune to poison.
You resist negative energy. (rN+)
You are resistant to electric shocks. (rElec)
You are resistant to unholy torment.
You are immune to petrification.
Your flesh is cold resistant. (rC+)
Armour fits poorly on your strangely shaped body.
You expend magic power (3 MP) to strengthen your wands.


Message History

Harold throws a throwing net.
The throwing net hits you.
You become entangled in the net!
You see here a throwing net.
You are held in a net!
You are held in a net!
You are held in a net!
You are held in a net!
You are held in a net!
You are held in a net!
You are held in a net!
You struggle against the net.
You struggle against the net.
Harold hits you but does no damage.
You struggle against the net.
Harold hits you from afar with a +0 trident!
You struggle against the net.
Harold hits you from afar with a +0 trident.
You rip the net and break free!
Harold hits you from afar with a +0 trident!
Harold barely misses you.
You feel much better. Harold hits you with a +0 trident!
You slash Harold!
Harold is lightly wounded.
Harold considers, "I think I'll use your bounty to get a nice plot of land..."
Harold hits you with a +0 trident.
Unknown command.
You closely miss Harold.
Harold is lightly wounded.
You block Harold's attack.
Unknown command.
You slash Harold!
Harold is moderately wounded.
Harold hits you with a +0 trident!
* * * LOW HITPOINT WARNING * * *
You slash Harold!
Harold is heavily wounded.
Harold hits you but does no damage.
You hit Harold.
Harold is heavily wounded.
Harold hits you with a +0 trident!
You die...

##..## #.....
##....## #......
#......## #......
##.......## #......
#.........## ##.....
#..........######....
#..........<.........
#................. .
#..@@#........>... .
#...##............ .
#.####............ .
# ##............ #
#.......(.###
#..........##
#............## #
..............### ##
................####.


You could see Harold.

Vanquished Creatures
  Joseph (D:8)
  2 wyverns (D:8)
  Eustachio (D:6)
  3 steam dragons
  2 water moccasins (D:7)
  2 sky beasts
  2 black bears (D:7)
  A phantom (D:5)
  2 centaurs
  A kobold brigand (D:8)
  5 bullfrogs
  4 scorpions
  2 gnoll sergeants
  5 killer bees (D:7)
  4 wights (D:7)
  A vampire bat (D:5)
  A crimson imp (D:3)
  A jelly (D:4)
  2 hounds (D:5)
  A bullfrog zombie (D:6)
  2 orc priests
  2 bullfrog skeletons (D:5)
  A gnoll shaman (D:7)
  An iron imp (D:5)
  Crazy Yiuf (D:4)
  A centaur skeleton (D:6)
  Ijyb (D:3)
  Terence (D:3)
  An iguana (D:5)
  2 orc wizards
  A hound skeleton (D:4)
  A howler monkey skeleton (D:5)
  14 gnolls
  5 adders
  3 white imps (D:5)
  An adder skeleton (D:4)
  3 worms
  A dart slug (D:3)
  3 fire bats (D:5)
  15 orcs
  2 spectral bats (D:5)
  12 ball pythons
  19 bats
  3 bat skeletons (D:5)
  A bat zombie (D:5)
  11 endoplasms
  4 giant cockroaches
  17 goblins
  12 hobgoblins
  10 jackals
  5 quokkas
  A bat simulacrum (D:5)
  3 frilled lizards
  17 kobolds
  5 rats
225 creatures vanquished.

Vanquished Creatures (collateral kills)
  A dart slug (D:3)
1 creature vanquished.

Vanquished Creatures (others)
  A hornet zombie (D:7)
  4 plants (D:4)
5 creatures vanquished.

Grand Total: 231 creatures vanquished

Notes
Turn   | Place    | Note
-------+----------+-------------------------------------------
     0 | D:1      | bande the Gargoyle Fighter began the quest for the Orb.
     0 | D:1      | Reached XP level 1. HP: 14/14 MP: 1/1
    37 | D:1      | Reached XP level 2. HP: 18/19 MP: 2/2
   150 | D:1      | Reached skill level 2 in Axes
   714 | D:1      | Reached XP level 3. HP: 23/23 MP: 3/3
   977 | D:1      | Found a faded altar of an unknown god.
  1829 | D:2      | Reached XP level 4. HP: 24/28 MP: 4/4
  1966 | D:2      | Reached skill level 3 in Axes
  2195 | D:2      | You fall into a shaft and drop 2 floors!
  2550 | D:4      | Reached XP level 5. HP: 33/33 MP: 5/5
  2983 | D:3      | Noticed Ijyb
  3001 | D:3      | Killed Ijyb
  3179 | D:3      | Noticed Terence
  3189 | D:3      | Killed Terence
  3306 | D:3      | Reached skill level 4 in Axes
  3367 | D:3      | Reached XP level 6. HP: 38/38 MP: 6/6
  3443 | D:3      | Found a radiant altar of Vehumet.
  3443 | D:3      | Found a burning altar of Makhleb.
  3564 | D:3      | Found a blossoming altar of Fedhas.
  3567 | D:3      | Found a shimmering blue altar of Sif Muna.
  3576 | D:3      | Found a shadowy altar of Dithmenos.
  4394 | D:4      | Found a broken altar of Ashenzari.
  4447 | D:4      | Reached skill level 1 in Evocations
  4452 | D:4      | Reached skill level 5 in Axes
  4452 | D:4      | Reached XP level 7. HP: 30/44 MP: 7/7
  4598 | D:4      | Found a runed translucent door.
  4599 | D:4      | Noticed Crazy Yiuf
  4835 | D:4      | Killed Crazy Yiuf
  4931 | D:5      | Entered Level 5 of the Dungeon
  5311 | D:5      | Found a stormy altar of Qazlal.
  5346 | D:5      | Reached XP level 8. HP: 46/48 MP: 8/8
  5395 | D:5      | Reached skill level 6 in Axes
  5988 | D:5      | Reached skill level 5 in Fighting
  6092 | D:5      | Reached skill level 5 in Shields
  6221 | D:5      | Found a snail-covered altar of Cheibriados.
  6277 | D:6      | Reached skill level 5 in Armour
  6721 | D:6      | Found Aisawy's Alliterative Accessories.
  6978 | D:6      | Noticed Eustachio
  7048 | D:6      | Killed Eustachio
  7556 | D:6      | Reached skill level 7 in Axes
  8003 | D:6      | Reached XP level 9. HP: 43/54 MP: 9/9
  9004 | D:7      | Found a bloodstained altar of Trog.
  9016 | D:7      | Reached skill level 8 in Axes
  9055 | D:7      | Found an ancient bone altar of Kikubaaqudgha.
  9092 | D:7      | Found a staircase to the Ecumenical Temple.
  9150 | Temple   | Entered the Ecumenical Temple
  9160 | Temple   | Became a worshipper of Warmaster Okawaru
  9319 | D:7      | Reached skill level 1 in Invocations
  9424 | D:7      | Found Beum's Assorted Antiques.
  9425 | D:7      | Found Niolack's Assorted Antiques.
  9425 | D:7      | Found Poykoag's Antique Armour Shoppe.
  9427 | D:7      | Found Gujiq's General Store.
 10033 | D:8      | Reached * piety under Okawaru
 10134 | D:8      | Reached XP level 10. HP: 32/60 MP: 11/11
 10406 | D:8      | Noticed Joseph
 10693 | D:8      | Killed Joseph
 10694 | D:8      | Reached skill level 5 in Evocations
 11575 | D:9      | Found Ikhle Qiy's Distillery.
 11580 | D:9      | Reached skill level 9 in Axes
 11595 | D:9      | Gained mutation: You are partially covered in iridescent
                  | scales. (AC +2) [potion of mutation]
 11595 | D:9      | Gained mutation: You sometimes lose the ability to read
                  | scrolls when taking damage. [potion of mutation]
 11598 | D:9      | Bought a potion of mutation for 128 gold pieces
 11598 | D:9      | Lost mutation: You are partially covered in iridescent
                  | scales. (AC +2) [potion of mutation]
 11598 | D:9      | Lost mutation: You sometimes lose the ability to read
                  | scrolls when taking damage. [potion of mutation]
 11598 | D:9      | Gained mutation: Armour fits poorly on your strangely
                  | shaped body. [potion of mutation]
 11598 | D:9      | Gained mutation: You expend magic power (3 MP) to
                  | strengthen your wands. [potion of mutation]
 11598 | D:9      | Gained mutation: Your flesh is cold resistant. (rC+)
                  | [potion of mutation]
 12119 | D:9      | Noticed Harold
 12132 | D:9      | Slain by Harold

Illustrated notes

Levels and vault maps discovered:
D:1:      onia_arrival_pentagram, layout_basic,
          shapermc_ecumenical_altar_mp_highgroup
D:2:      layout_loops_corners, chequers_serial_rivers_small_3
D:3:      layout_loops_corners, grunt_temple_overflow_lords_of_destruction,
          minitemple, minmay_distorted, uniq_ijyb, uniq_terence
D:4:      corexii_shantytown, layout_rooms, evilmike_ruin_ashenzari,
          kennysheep_generic_room_16, uniq_crazy_yiuf_cottage
D:5:      layout_loops_cross, slow_altar_2, mainiacjoe_overflow_brackets,
          goddamned_bats
D:6:      layout_gridville, serial_co_window_serial, co_window_of_opportunity_a,
          co_window_corner_a, co_window_paths_a, co_window_paths_a,
          co_window_paths_a, co_window_corner_a, co_window_paths_a,
          co_window_cross_1, co_window_corner_a, co_window_2corner,
          co_window_corner_cb, co_window_corner_b, co_window_paths_c,
          co_window_of_opportunity_c, co_window_broadway_a, co_window_4corner_a,
          co_window_4corner_b, glass_columns_a, nicolae_alphabet_shops,
          uniq_eustachio
D:7:      layout_loops_ring, nicolae_kikubaaqudgha_miasma_corner,
          trog_ov_bears_minmay, minmay_temple_entry_glassed_door,
          minmay_shop_grid_forest
D:8:      layout_basic, uniq_joseph
D:9:      layout_cave_pods, special_room [special_room_bee], serial_shops,
          nicolae_square_shop, uniq_harold
Temple:   jpeg_temple_clearing

Skill      XL: |  1  2  3  4  5  6  7  8  9 10 |
---------------+-------------------------------+-----
Axes           | 2 3 4 5 7 8 9 |  9.0
Armour         | 4 5 6 7 |  7.0
Shields        | 4 5 6 |  6.0
Fighting       | 4 5 6 |  6.5
Evocations     | 1 2 3 4 5 |  5.1
Invocations    | 1 2 |  2.8

Action                   |  1- 3 |  4- 6 |  7- 9 | 10-12 || total
-------------------------+-------+-------+-------+-------++-------
Melee: War axe           |   118 |   218 |   436 |    94 ||   866
  Use: Scroll            |       |    11 |     8 |     2 ||    21
       Potion            |       |       |     1 |     4 ||     5
Armor: Scale mail        |    76 |    44 |       |       ||   120
       Chain mail        |       |    88 |   386 |    58 ||   532
       Plate armour      |       |       |       |    16 ||    16
Dodge: Dodged            |    55 |    74 |   202 |    37 ||   368
Block: Buckler           |    43 |    37 |   121 |    25 ||   226

Table legend: (Time is in decaauts)
 A = Elapsed time spent in this place.
 B = Non-inter-level travel time spent in this place.
 C = Inter-level travel time spent in this place.
 D = Time resting spent in this place.
 E = Time spent auto-exploring this place.
 F = Levels seen in this place.
 G = Mean time per level.
                   A        B        C        D        E       F      G
               +--------+--------+--------+--------+--------+-----+--------+
         Total |  12325 |  12216 |    109 |   3173 |   6795 |  10 | 1232.5 |
       Dungeon |  12304 |  12204 |    100 |   3173 |   6792 |   9 | 1367.1 |
        Temple |     20 |     11 |      9 |      0 |      3 |   1 |   20.0 |
               +--------+--------+--------+--------+--------+-----+--------+

Top non-repeatable levels by time:
     D:6: 2290 daAuts
     D:8: 1562 daAuts
     D:7: 1412 daAuts
     D:1: 1393 daAuts
     D:5: 1369 daAuts
     D:4: 1337 daAuts
     D:3: 1222 daAuts
     D:2: 1103 daAuts
     D:9: 612 daAuts
  Temple: 20 daAuts
